 Dungeon Crawl Stone Soup version 0.29.0-13-gc9e81de378 (webtiles) character file.

Game seed: 966765462971872030

32 Strat the Caller (level 3, 0/28 HPs)
             Began as a Ghoul Summoner on Sept 8, 2022.
             Slain by a gnoll
             ... wielding a +1 whip of draining
              (10 damage)
             ... on level 1 of the Dungeon.
             The game lasted 00:01:40 (1008 turns).

Strat the Caller (Ghoul Summoner)                   Turns: 1008, Time: 00:01:41

Health: 0/28       AC:  2    Str: 13    XL:     3   Next: 25%
Magic:  1/4        EV: 12    Int: 10    God:
Gold:   27         SH:  0    Dex:  9    Spells: 2/5 levels left

rFire   . . .      SeeInvis .     - Unarmed
rCold   + . .      Faith    .   (no shield)
rNeg    + + +      Spirit   .   a - +0 robe
rPois   ∞          Reflect  .   (no helmet)
rElec   .          Harm     .   (no cloak)
rCorr   .          Rampage  .   (no gloves)
Will    .....                   (no boots)
Stlth   ++........              (no amulet)
HPRegen 0.00/turn               (no ring)
MPRegen 0.09/turn               (no ring)

@: inhibited regen
A: claws 1, cold resistance 1, negative energy resistance 3, inhibited
regeneration, torment resistance 2, devour on kill
a: no special abilities


You were on level 1 of the Dungeon.
You visited 1 branch of the dungeon, and saw 1 of its levels.

You collected 27 gold pieces.

Inventory:

Armour
 a - a +0 robe (worn)
Scrolls
 c - a scroll of vulnerability {unknown}
 f - a scroll of teleportation {unknown}
 g - 4 scrolls of identify {unknown}
 h - 2 scrolls of enchant armour {unknown}
Potions
 b - a potion of magic
 d - a potion of brilliance {unknown}
 e - a potion of attraction {unknown}


   Skills:
 + Level 1.5 Fighting
 - Level 1.7 Dodging
 - Level 2.1 Stealth
 * Level 2.5 Unarmed Combat
 - Level 1.7 Spellcasting
 - Level 3.6 Summonings


You had 2 spell levels left.
You knew the following spells:

 Your Spells              Type           Power      Damage    Failure   Level
a - Summon Small Mammal   Summ           32%        N/A       8%          1
b - Call Imp              Summ           8%         N/A       11%         2

Your spell library contained the following spells:

 Spells                   Type           Power      Damage    Failure   Level
 Call Canine Familiar     Summ           8%         N/A       22%         3
 Summon Guardian Golem    Hex/Summ       4%         N/A       43%         3
 Portal Projectile        Hex/Tloc       0%         N/A       67%         3
 Summon Lightning Spire   Summ/Air       4%         N/A       83%         4
 Leda's Liquefaction      Hex/Erth       0%         N/A       97%         4


Dungeon Overview and Level Annotations

Branches:
Dungeon (1/15)

Altars:


Innate Abilities, Weirdness & Mutations

You are immune to poison.
You have sharp fingernails.
Your flesh is cold resistant. (rC+)
You are immune to negative energy. (rN+++)
You do not regenerate when monsters are visible.
You are immune to unholy pain and torment.
You thrive by killing the living.


Message History

Confirm with . or Enter, or press ? or * to list all spells.
A beastly little devil appears in a puff of flame.
The gnoll barely misses you. The gnoll attacks as you move away!
The gnoll hits you but does no damage.
Your crimson imp barely misses the gnoll.
Your crimson imp hits the gnoll but does no damage.
You scratch the gnoll.
The gnoll is heavily wounded.
The gnoll barely misses you.
Your crimson imp blinks!
You scratch the gnoll.
The gnoll is severely wounded.
The gnoll barely misses you.
Your crimson imp blinks!
Casting: Call Imp (safe; 11% risk of failure)
Confirm with . or Enter, or press ? or * to list all spells.
A beastly little devil appears in a puff of flame.
The gnoll hits you with a +1 whip of draining.
* * * LOW HITPOINT WARNING * * *
The gnoll attacks as you move away! The gnoll barely misses you.
You swap places.
The gnoll hits your crimson imp with a +1 whip of draining.
Your crimson imp hits the gnoll.
The gnoll hits your crimson imp with a +1 whip of draining.
Your crimson imp closely misses the gnoll.
The gnoll closely misses your crimson imp.
Your crimson imp barely misses the gnoll.
The gnoll hits your crimson imp with a +1 whip of draining.
Your crimson imp blinks!
The gnoll attacks as you move away!
The gnoll hits you with a +1 whip of draining.
* * * LOW HITPOINT WARNING * * *
The gnoll attacks as you move away! The gnoll closely misses you.
Casting: Call Imp (safe; 11% risk of failure)
Confirm with . or Enter, or press ? or * to list all spells.
You don't have enough magic to cast this spell.
The gnoll attacks as you move away! The gnoll barely misses you.
The gnoll attacks as you move away!
The gnoll hits you with a +1 whip of draining!
You die...

#........'.##........#........
#.......###..........#.####.##
###########.#........#.# #.#
#......)..#.....##.# #.##
#......)..##...#.#.# #...
#........###..###..# #.##
#.....#.## ##..#.#.# #.#
#.#.###.#######.##.# #.# #.#.
#..@g..5...#.# #†# # ..
#########..#.# #.#
##..###########.#...# #.#
.................### #.#
##..#.##.########.# #.##
#..#.##.# #5# #...
#..#.##.########.# ####
#....##.#........#
#.......#.########


You could see a gnoll (ally target) and a friendly crimson imp (summoned).

Vanquished Creatures
  2 ball pythons (D:1)
  3 endoplasms (D:1)
  4 giant cockroaches (D:1)
  4 goblins (D:1)
  A quokka (D:1)
  2 bats (D:1)
16 creatures vanquished.

Vanquished Creatures (collateral kills)
  A ball python (D:1)
  A bat (D:1)
  2 goblins (D:1)
  A hobgoblin (D:1)
  3 kobolds (D:1)
  A frilled lizard (D:1)
9 creatures vanquished.

Grand Total: 25 creatures vanquished

Notes
Turn   | Place    | Note
-------+----------+-------------------------------------------
     0 | D:1      | Strat the Ghoul Summoner began the quest for the Orb.
     0 | D:1      | Reached XP level 1. HP: 14/14 MP: 2/2
   323 | D:1      | Reached skill level 1 in Unarmed Combat
   475 | D:1      | Reached XP level 2. HP: 21/22 MP: 3/3
   501 | D:1      | Learned a level 2 spell: Call Imp
   557 | D:1      | Reached skill level 1 in Fighting
   712 | D:1      | Reached XP level 3. HP: 19/28 MP: 1/4
   914 | D:1      | Found a faded altar of an unknown god.
  1008 | D:1      | Slain by a gnoll

Illustrated notes

Levels and vault maps discovered:
D:1:      heliophobic_arrival_battle_scene, layout_loops_ring,
          chequers_ecumenical_altar_simple_redux

Skill      XL: |  1  2 |
---------------+-------+-----
Unarmed Combat | 1 2 |  2.5
Fighting       | 1 |  1.5
Dodging        | |  1.7
Stealth        | |  2.1
Spellcasting   | |  1.7
Summonings     | |  3.6

Action                   || total
-------------------------++-------
Melee: Unarmed           ||    63
 Cast: Summon Small Mamm ||     2
       Call Imp          ||     4
 Stab: Sleeping          ||     1
Armor: Robe              ||    16
Dodge: Dodged            ||    46
